 Dungeon Crawl Stone Soup version 0.28.0-45-g0d030f2227 (webtiles) character file.

Game seed: 9160493345955792934

2849 jimonade the Thaumaturge (level 10, -1/69 HPs)
             Began as a Djinni Conjurer on Apr 8, 2022.
             Was a Follower of Nemelex Xobeh.
             Slain by Harold
             ... wielding a +3 war axe
              (27 damage)
             ... on level 7 of the Dungeon.
             The game lasted 00:30:11 (10576 turns).

jimonade the Thaumaturge (Djinni Conjurer)         Turns: 10576, Time: 00:30:11

Health: -1/69      AC:  5    Str: 14    XL:     10   Next: 4%
Gold:   298        EV:  6    Int: 22    God:    Nemelex Xobeh [*.....] SH:  0 Dex: 12

rFire   + + .      SeeInvis .   s - +1 dagger (venom)
rCold   x . .      Faith    .   t - +0 buckler
rNeg    . . .      Spirit   .   z - +2 robe
rPois   ∞          Reflect  .   (no helmet)
rElec   .          Harm     .   c - +0 cloak
rCorr   .          Rampage  .   (no gloves)
Will    +....                   (boots unavailable)
Stlth   ++........              (no amulet)
HPRegen 0.21/turn               b - ring of wizardry
MPRegen 0.00/turn               o - +6 ring of strength

@: flying, very slightly contaminated, held
A: sickness immunity, fire resistance 2, cold vulnerability 1, float, innate
caster, HP casting, extra vitality 1
a: Renounce Religion, Draw Escape, Draw Destruction, Draw Summoning


You were on level 7 of the Dungeon.
You worshipped Nemelex Xobeh.
Nemelex Xobeh was aware of your devotion.
You visited 2 branches of the dungeon, and saw 8 of its levels.

You collected 298 gold pieces.

Inventory:

Hand Weapons
 a - a +2 dagger of holy wrath
 m - a +1 dagger of electrocution
 s - a +1 dagger of venom (weapon)
Missiles
 d - 105 arrows
 h - 80 stones
 x - 15 sling bullets
 F - 2 boomerangs
Armour
 c - a +0 cloak (worn)
 k - a +0 scale mail
 n - a +0 chain mail
 t - a +0 buckler (worn)
 v - +0 fire dragon scales
 z - a +2 robe (worn)
Magical Staves
 G - a staff of air
Jewellery
 b - a ring of wizardry (left hand)
 o - a +6 ring of strength (right hand)
 y - a ring of willpower
 J - an amulet of faith
Wands
 q - a wand of iceblast (7)
 I - a wand of digging (4)
 L - a wand of paralysis (11)
Scrolls
 f - a scroll of noise {unknown}
 g - a scroll of vulnerability {unknown}
 p - 4 scrolls of identify {unknown}
 r - a scroll of enchant armour {unknown}
 u - a scroll of silence {unknown}
 w - 2 scrolls of immolation {unknown}
 H - 3 scrolls of teleportation {unknown}
 K - a scroll of torment {unknown}
Potions
 e - 2 potions of haste {unknown}
 i - a potion of curing {unknown}
 j - a potion of lignification {unknown}
 l - a potion of resistance {unknown}
 A - a potion of ambrosia {unknown}
 B - a potion of might {unknown}
 C - 2 potions of flight {unknown}
 D - a potion of degeneration {unknown}
 E - a potion of mutation {unknown}


   Skills:
 * Level 4.7 Fighting
 + Level 2.7 Short Blades
 + Level 3.8 Dodging
 - Level 2.1 Stealth
 + Level 1.5 Shields
 * Level 9.1 Spellcasting


You had 3 spell levels left.
You knew the following spells:

 Your Spells              Type           Power      Damage    Failure   Level
a - Magic Dart            Conj           100%       1d8       1%          1
b - Searing Ray           Conj           100%       2d8       1%          2
c - Dazzling Flash        Conj/Hex       100%       N/A       1%          3
d - Fulminant Prism       Conj/Hex       25%        3d14      1%          4
e - Iskenderun's Mystic   Conj/Tloc      50%        2d11      1%          4
f - Animate Skeleton      Necr           100%       N/A       1%          1
g - Call Imp              Summ           50%        N/A       1%          2
h - Swiftness             Air            50%        N/A       1%          3
i - Ice Form              Ice/Tmut       50%        N/A       1%          4
Your spell library was empty.

Dungeon Overview and Level Annotations

Branches:
Dungeon (7/15)             Temple (1/1) D:4

Altars:
Ashenzari
Cheibriados
Dithmenos
Gozag
Hepliaklqana
Kikubaaqudgha
Makhleb
Nemelex Xobeh
Okawaru
Ru
Sif Muna
Trog
Uskayaw
Vehumet
Xom
Yredelemnul
Zin
The Shining One

Annotations:
D:3 3 runed translucent doors, Soldner's ghost, amateur MiBe
D:7 Harold


Innate Abilities, Weirdness & Mutations

You are immune to sickness and miasma.
You are immune to poison.
Your flesh is very heat resistant. (rF++)
You are vulnerable to cold. (rC-)
You float through the air rather than walking.
You learn spells naturally, not from books.
Your magical power is your life essence.
You have superior vitality. (+4 MHP)


Message History

A fulminant prism comes into view.
Harold hits your fulminant prism with a +3 war axe!!
Your fulminant prism detonates feebly.
Things that are here:
a +0 flail; a +0 robe
Casting: Fulminant Prism (dangerous; 1% risk of failure)
Confirm with . or Enter, or press ? or * to list all spells.
Aiming: Fulminant Prism (dangerous; 1% risk of failure)
Press: ? - help, Dir - move target You conjure a prism of explosive energy!
A fulminant prism comes into view.
Your fulminant prism crackles loudly.
Harold throws a throwing net.
The throwing net hits your fulminant prism.
The net is caught on your fulminant prism!
Your fulminant prism explodes!
The blast of energy engulfs Harold!!
Harold is severely wounded.
Casting: Fulminant Prism (dangerous; 1% risk of failure)
Confirm with . or Enter, or press ? or * to list all spells.
Aiming: Fulminant Prism (dangerous; 1% risk of failure)
Press: ? - help, Dir - move target You miscast Fulminant Prism.
You are very lightly contaminated with residual magic.
Nothing appears to happen.
Harold fires a harpoon shot at you. The harpoon shot hits you!
You are yanked forward by the harpoon shot.
Things that are here:
a +0 flail; a +0 robe Harold throws a throwing net.
The throwing net hits you.
You become entangled in the net!
You see here a throwing net.
Casting: Fulminant Prism (dangerous; 1% risk of failure)
Confirm with . or Enter, or press ? or * to list all spells.
A beastly little devil appears in a puff of frigid air.
You struggle against the net.
Harold hits you with a +3 war axe!
You tear a large gash into the net.
Harold hits you with a +3 war axe!!
You die...
Your body glows slightly and disappears.

#...)...# ######.####.#
#.))...# #.# #.#########.#
#.# #<....).#
#.############
#............# .
#..#########.# .## #@5#
#.# ..# #@.# #.# #.# #(.#
#.# #.# #..# #.# # #)#
#).# #.# #.#.####..# #.#
#.#..)))....# #.#
#.....*....##########.##
.......@####.............#


You could see Harold (ally target) and a friendly white imp (summoned).

Vanquished Creatures
  A two-headed ogre (D:5)
  A steam dragon (D:7)
  A water moccasin (D:5)
  Duvessa (D:4)
  2 ice beasts (D:5)
  A black bear (D:5)
  A necrophage (D:5)
  An ogre (D:3)
  A centaur (D:5)
  Blork the orc (D:4)
  A wyvern zombie (D:7)
  Dowan (D:4)
  8 wights (D:7)
  A jelly (D:6)
  A gnoll shaman (D:5)
  A hound (D:5)
  4 orc priests
  A bullfrog skeleton (D:4)
  3 iguanas
  4 orc wizards
  A hound skeleton (D:5)
  7 gnolls
  11 adders
  2 ufetubi
  2 worms (D:4)
  3 dart slugs
  30 orcs
  7 bats
  8 endoplasms
  2 giant cockroaches
  4 goblins
  6 hobgoblins
  A quokka (D:3)
  9 ball pythons
  3 frilled lizards (D:3)
  4 kobolds
  5 rats
141 creatures vanquished.

Vanquished Creatures (collateral kills)
  A water moccasin skeleton (D:4)
  A hound (D:4)
  A bullfrog skeleton (D:4)
  An orc wizard (D:4)
  A hound skeleton (D:4)
  An adder (D:4)
  An ufetubus (D:4)
  A dart slug (D:5)
  2 orcs
10 creatures vanquished.

Vanquished Creatures (others)
  63 fulminant prisms
  2 plants
65 creatures vanquished.

Grand Total: 216 creatures vanquished

Notes
Turn   | Place    | Note
-------+----------+-------------------------------------------
     0 | D:1      | jimonade the Djinni Conjurer began the quest for the Orb.
     0 | D:1      | Reached XP level 1. HP: 15/15 MP: 0/0
     3 | D:1      | Noticed a demonspawn zombie
   530 | D:1      | Found a faded altar of an unknown god.
   571 | D:1      | Reached XP level 2. HP: 18/21 MP: 0/0
  1397 | D:2      | Reached XP level 3. HP: 22/25 MP: 0/0
  1397 | D:2      | Learned a level 1 spell: Animate Skeleton
  1453 | D:2      | Reached skill level 4 in Spellcasting
  1569 | D:2      | Reached XP level 4. HP: 20/31 MP: 0/0
  2759 | D:3      | Reached XP level 5. HP: 27/35 MP: 0/0
  2759 | D:3      | Learned a level 2 spell: Call Imp
  2879 | D:3      | Found a glowing golden altar of the Shining One.
  3493 | D:3      | Found a runed translucent gate.
  3494 | D:3      | Found a runed translucent gate.
  3494 | D:3      | Noticed a kobold brigand
  3495 | D:3      | Found a runed translucent gate.
  3495 | D:3      | Noticed Soldner's ghost (amateur MiBe)
  3688 | D:3      | Noticed an ogre
  4029 | D:4      | Reached skill level 5 in Spellcasting
  4029 | D:4      | Reached XP level 6. HP: 29/41 MP: 0/0
  4590 | D:4      | Reached skill level 1 in Fighting
  5122 | D:4      | Reached XP level 7. HP: 41/47 MP: 0/0
  5122 | D:4      | Learned a level 3 spell: Swiftness
  5211 | D:4      | Noticed Duvessa
  5211 | D:4      | Noticed Dowan
  5588 | D:4      | Found a staircase to the Ecumenical Temple.
  5604 | Temple   | Entered the Ecumenical Temple
  5918 | Temple   | Became a worshipper of Nemelex Xobeh the Trickster
  6196 | D:4      | Noticed Blork the orc
  6211 | D:4      | Killed Blork the orc
  6212 | D:4      | Reached skill level 1 in Short Blades
  6424 | D:4      | Killed Duvessa
  6425 | D:4      | Reached skill level 6 in Spellcasting
  6436 | D:4      | Killed Dowan
  6686 | D:5      | Entered Level 5 of the Dungeon
  6770 | D:4      | Reached XP level 8. HP: 31/54 MP: 0/0
  7511 | D:5      | Noticed a two-headed ogre
  7533 | D:5      | Killed a two-headed ogre
  7534 | D:5      | Reached skill level 1 in Shields
  7534 | D:5      | Reached skill level 7 in Spellcasting
  7534 | D:5      | Reached XP level 9. HP: 44/62 MP: 0/0
  7534 | D:5      | Learned a level 4 spell: Ice Form
  7810 | D:5      | Reached skill level 8 in Spellcasting
  8118 | D:5      | Found a sacrificial altar of Ru.
  8258 | D:5      | Reached * piety under Nemelex Xobeh
  8829 | D:6      | Received a gift from Nemelex Xobeh
  8903 | D:6      | Found a burning altar of Makhleb.
  8904 | D:6      | Found a snail-covered altar of Cheibriados.
  8905 | D:6      | Found a shadowy altar of Dithmenos.
  8905 | D:6      | Found a shimmering altar of Xom.
  8907 | D:6      | Found a broken altar of Ashenzari.
  8908 | D:6      | Found a hazy altar of Hepliaklqana.
 10403 | D:7      | Reached skill level 9 in Spellcasting
 10409 | D:7      | Reached XP level 10. HP: 44/69 MP: 0/0
 10557 | D:7      | Noticed Harold
 10576 | D:7      | Slain by Harold

Illustrated notes

Levels and vault maps discovered:
D:1:      shiori_arrival_whats_in_store_for_you, layout_loops_corners,
          shapermc_ecumenical_altar_notcrosses, roderic_lattice_a
D:2:      layout_basic
D:3:      layout_rooms, tso_oasis_becter, gammafunk_ghost_nasty_kobolds,
          minmay_misc_feat_encased, minmay_cut_off
D:4:      layout_loops_corners, minmay_temple_entry_arrows,
          cheibrodos_sewer_entry_bend, uniq_blork_the_orc, uniq_duvessa
D:5:      layout_gridville, mainiacjoe_overflow_six_doors_small,
          serial_bayou_pond_e, minmay_fractal_squares_5
D:6:      layout_basic, grunt_temple_overflow_open
D:7:      layout_basic, mainiacjoe_overflow_surrounded_room, serial_glass,
          glass_columns_c, glass_columns_c, uniq_harold
Temple:   compressed_dpeg_triangle_lava_temple

Skill      XL: |  1  2  3  4  5  6  7  8  9 |
---------------+----------------------------+-----
Spellcasting   | 4 5 6 7 9 |  9.1
Stealth        | 2 |  2.1
Fighting       | 1 2 3 4 |  4.7
Short Blades   | 1 2 |  2.7
Dodging        | 3 |  3.8
Shields        | 1 |  1.5

Action                   |  1- 3 |  4- 6 |  7- 9 | 10-12 || total
-------------------------+-------+-------+-------+-------++-------
Melee: Dagger            |     1 |    34 |    34 |       ||    69
       Unarmed           |       |       |     5 |       ||     5
 Cast: Magic Dart        |    42 |   131 |    29 |       ||   202
       Searing Ray       |     2 |     3 |       |       ||     5
       Dazzling Flash    |       |     1 |       |       ||     1
       Call Imp          |       |     9 |    15 |     1 ||    25
       Fulminant Prism   |       |       |    57 |     6 ||    63
       Ice Form          |       |       |     1 |       ||     1
 Stab: Sleeping          |     1 |       |       |       ||     1
       Distracted        |       |       |     3 |       ||     3
Armor: Robe              |     4 |    11 |     3 |       ||    18
       Skin              |       |       |     1 |       ||     1
Dodge: Dodged            |     4 |    47 |    21 |       ||    72
Block: Buckler           |       |     8 |     9 |       ||    17
